 Dungeon Crawl Stone Soup version 0.30-a0-702-gdf48620a09 (webtiles) character file.

Game seed: 393958274230246098

166 flotson the Sneak (level 5, 0/42 HPs)
             Began as a Demonspawn Delver on Jan 21, 2023.
             Slain by a bullfrog (8 damage)
             ... on level 4 of the Dungeon.
             The game lasted 00:04:09 (2800 turns).

flotson the Sneak (Demonspawn Delver)               Turns: 2800, Time: 00:04:10

Health: 0/42       AC: -2    Str: 14    XL:     5   Next: 22%
Magic:  5/5        EV:  8    Int: 15    God:
Gold:   113        SH: 12    Dex: 14    Spells: 4/4 levels left

rFire   . . .      SeeInvis .    n - +1 dagger (venom)
rCold   . . .      Faith    .    x - +0 kite shield
rNeg    . . .      Spirit   .    j - +0 scale mail
rPois   .          Reflect  +    k - +2 helmet {Int+3}
rElec   .          Harm     .    (no cloak)
rCorr   .          Rampage  .    (no gloves)
Will    .....                    p - +0 pair of boots
Stlth   ++                       w - amulet of reflection
HPRegen 0.27/turn                (no ring)
MPRegen 0.09/turn                (no ring)

@: corroded
A: icy blue scales 2, powered by pain 1
a: no special abilities


You were on level 4 of the Dungeon.
You visited 1 branch of the dungeon, and saw 5 of its levels.

You collected 113 gold pieces.

Inventory:

Hand Weapons
 n - a +1 dagger of venom (weapon)
 v - a +0 war axe
Armour
 j - a +0 scale mail (worn)
 k - a +2 helmet of intelligence (worn)
 p - a +0 pair of boots (worn)
 x - a +0 kite shield (worn)
Jewellery
 w - an amulet of reflection (around neck)
Wands
 e - a wand of iceblast (3)
 g - a wand of digging (3)
Scrolls
 a - a scroll of noise {unknown}
 b - a scroll of enchant armour {unknown}
 c - a scroll of fog
 d - 2 scrolls of magic mapping
 h - 3 scrolls of teleportation {unknown}
 m - 2 scrolls of brand weapon {unknown}
 q - 5 scrolls of identify {unknown}
 r - a scroll of vulnerability {unknown}
 s - a scroll of silence {unknown}
Potions
 f - a potion of haste
 l - a potion of cancellation {unknown}
 o - 4 potions of heal wounds {unknown}
 t - a potion of curing {unknown}
 u - a potion of attraction {unknown}
 z - a potion of lignification {unknown}


   Skills:
 + Level 3.7 Fighting
 + Level 2.0 Axes
 + Level 1.7 Armour
 + Level 2.6 Dodging
 - Level 5.0 Stealth
 + Level 0.7 Shields
 + Level 1.9 Evocations


You had 4 spell levels left.
You didn't know any spells.
Your spell library contained the following spells:

 Spells                   Type           Power      Damage    Failure   Level
 Kiss of Death            Conj/Necr      0%         2d5       99%         1
 Sting                    Tmut/Pois      0%         1d3       99%         1
 Poisonous Vapours        Pois/Air       0%         N/A       99%         2
 Static Discharge         Conj/Air       0%         2-2/arc   99%         2
 Confusing Touch          Hex            0%         N/A       100%        3
 Vhi's Electric Charge    Tloc/Air       0%         N/A       100%        3
 Dispel Undead            Necr           0%         3d6       100%        4
 Olgreb's Toxic Radiance  Pois           0%         N/A       100%        4
 Arcjolt                  Conj/Air       0%         1d10      100%        5
 Lightning Bolt           Conj/Air       0%         1d11      100%        5


Dungeon Overview and Level Annotations

Branches:
Dungeon (5/15)
 Temple: D:4-7

Altars:


Innate Abilities, Weirdness & Mutations

You are mostly covered in icy blue scales. (AC +3)
You sometimes gain a little power by taking damage.


Message History

No target in view!
No target in view!
HP restored.
Things that are here:
a +0 trident; a +0 leather armour A jelly comes into view.
The jelly jiggles.
You hit the jelly.
Your hands burn!
The jelly is lightly wounded.
You block the jelly's attack.
You hit the jelly but do no damage. The acid corrodes you!
Your hands burn!
The jelly is lightly wounded.
You block the jelly's attack.
You hit the jelly but do no damage.
Your hands burn!
The jelly is lightly wounded.
The jelly hits you but does no damage.
You hit the jelly.
The jelly is poisoned.
The acid corrodes you!
Your hands burn!
The jelly is lightly wounded.
You block the jelly's attack.
You hit the jelly but do no damage. The acid corrodes you!
Your hands burn!
The jelly is lightly wounded.
You block the jelly's attack. The jelly hits you. The acid corrodes you!
You are splashed with acid!
You are too injured to fight recklessly!
You are too injured to fight recklessly!
You are too injured to fight recklessly!
You are too injured to fight recklessly!
You are too injured to fight recklessly!
You are too injured to fight recklessly!
You are too injured to fight recklessly!
As you read the scroll of fear, it crumbles to dust.
You assume a fearsome visage.
The jelly looks frightened!
A bullfrog comes into view.
The bullfrog croaks.
The bullfrog hits you. The bullfrog hits you!
* * * LOW HITPOINT WARNING * * *
The bullfrog attacks as you move away! The bullfrog hits you!
You die...

#.#....# #####...
###.#....#####.......
.........<.'...+.......
##
##..#.#)...#####.......
# ###.............#
#....... #.
#....#.###.#....#
#....... .##.
.......#....# #.......
... #.#####.####
##....### .. #....F@.#
#........ #J #...#####
#........ #?####.#.#
#........ #....#.#.#
##........ #......#)#
#......... #..#...#)##
#......... #..##.....#
#......... ....#......#
#.........
###.....###....
#.........


You could see a bullfrog.

Vanquished Creatures
  2 orc priests
  4 adders
  A dart slug (D:2)
  8 orcs
  6 ball pythons
  5 bats
  5 endoplasms
  4 giant cockroaches
  4 goblins (D:1)
  7 hobgoblins
  2 quokkas
  6 frilled lizards
  4 kobolds
  3 rats (D:1)
61 creatures vanquished.

Notes
Turn   | Place    | Note
-------+----------+-------------------------------------------
     0 | D:5      | flotson the Demonspawn Delver began the quest for the Orb.
     0 | D:5      | Reached XP level 1. HP: 18/18 MP: 1/1
    18 | D:5      | Noticed an ogre
    47 | D:5      | Noticed an orc wizard
    57 | D:5      | Noticed an iguana
   220 | D:4      | Noticed an orc priest
   238 | D:3      | Gained mutation: You sometimes gain a little power by
                  | taking damage. [demonic ancestry]
   238 | D:3      | Reached XP level 2. HP: 6/24 MP: 2/2
   583 | D:1      | Gained mutation: You are partially covered in icy blue
                  | scales. (AC +2) [demonic ancestry]
   583 | D:1      | Reached XP level 3. HP: 24/29 MP: 3/3
   605 | D:1      | Found a faded altar of an unknown god.
   619 | D:1      | Reached skill level 1 in Evocations
  1094 | D:1      | Reached skill level 1 in Armour
  2192 | D:3      | Reached XP level 4. HP: 35/35 MP: 4/4
  2755 | D:4      | Reached skill level 5 in Stealth
  2755 | D:4      | Gained mutation: You are mostly covered in icy blue scales.
                  | (AC +3) [demonic ancestry]
  2755 | D:4      | Reached XP level 5. HP: 38/42 MP: 5/5
  2800 | D:4      | Slain by a bullfrog

Illustrated notes

Levels and vault maps discovered:
D:1:      ebering_hopf_link, layout_loops_corners, basic_ecumenical_altar
D:2:      layout_loops_corners, nicolae_figureground_pulse
D:3:      layout_loops_ring
D:4:      layout_basic
D:5:      layout_layer_cave, uniq_prince_ribbit1, uniq_blork_the_orc

Skill      XL: |  1  2  3  4 |
---------------+-------------+-----
Axes           | 2 |  2.0
Dodging        | 2 |  2.6
Evocations     | 1 |  1.9
Armour         | 1 |  1.7
Stealth        | 5 |  5.0
Fighting       | |  3.7
Shields        | |  0.7

Action                   |  1- 3 |  4- 6 || total
-------------------------+-------+-------++-------
Melee: Hand axe          |    89 |       ||    89
       Dagger            |    51 |    61 ||   112
  Use: Scroll            |     1 |     1 ||     2
 Stab: Sleeping          |     3 |     1 ||     4
Armor: Scale mail        |    66 |    25 ||    91
       Leather armour    |     1 |       ||     1
Dodge: Dodged            |    59 |    21 ||    80
Block: Kite shield       |       |    37 ||    37

Table legend: (Time is in decaauts)
 A = Elapsed time spent in this place.
 B = Non-inter-level travel time spent in this place.
 C = Inter-level travel time spent in this place.
 D = Time resting spent in this place.
 E = Time spent auto-exploring this place.
 F = Levels seen in this place.
 G = Mean time per level.
                   A        B        C        D        E       F      G
               +--------+--------+--------+--------+--------+-----+--------+
         Total |   2828 |   2726 |    102 |    133 |   1995 |   5 |  565.6 |
       Dungeon |   2828 |   2726 |    102 |    133 |   1995 |   5 |  565.6 |
               +--------+--------+--------+--------+--------+-----+--------+

Top non-repeatable levels by time:
     D:1: 905 daAuts
     D:2: 884 daAuts
     D:3: 722 daAuts
     D:4: 237 daAuts
     D:5: 78 daAuts
